 Dungeon Crawl Stone Soup version 0.31-a0-1343-gcd514f47d3 (webtiles) character file.

Game seed: 10604044046609694261

61591 Bnni the Earth Mage (level 15, 0/119 HPs)
             Began as a Formicid Earth Elementalist on Dec 22, 2023.
             Was the Champion of Cheibriados.
             Killed from afar by a rime drake (9 damage)
             ... with an icy flash freeze
             ... on level 5 of the Lair of Beasts.
             The game lasted 01:22:02 (21812 turns).

Bnni the Earth Mage (Formicid Earth Elementalist)  Turns: 21812, Time: 01:22:02

Health: 0/119      AC: 17    Str: 27    XL:     15   Next: 42%
Magic:  4/29       EV: 14    Int: 38    God:    Cheibriados [******]
Gold:   1197       SH: 13    Dex: 29    Spells: 2/34 levels left

rFire   + . .        a - staff of Excruciating Pain {rF+ Will- SInv Summ Fire Earth}
rCold   . . .        B - +1 buckler {rN+}
rNeg    + + +        D - +0 plate armour
rPois   .            (helmet unavailable)
rElec   +            p - +0 cloak
rCorr   .            (no gloves)
SInv    +            q - +0 pair of boots
Will    .....        n - amulet of reflection Stlth
                     d - ring of protection from cold
HPRegen 0.39/turn    E - ring of Leeha Kei {rElec rC- rN+++ EV+5 Slay+3}
MPRegen 0.21/turn

%: reflection
@: lethally poisoned (0 -> -19), very slow
A: permanent stasis, dig shafts and tunnels, antennae 3, four strong arms
a: Dig, Shaft Self, Renounce Religion, Bend Time, Temporal Distortion, Slouch,
Step From Time


You were on level 5 of the Lair of Beasts.
You worshipped Cheibriados.
Cheibriados was exalted by your worship.
You visited 3 branches of the dungeon, and saw 20 of its levels.
You also visited: Sewer, Ossuary and Bailey.

You collected 1617 gold pieces.
You spent 420 gold pieces at shops.

Inventory:

Hand Weapons
 t - a +2 whip of venom
Missiles
 f - a throwing net
 j - 3 curare-tipped darts
Armour
 p - a +0 cloak (worn)
 q - a +0 pair of boots (worn)
 B - a +1 buckler of positive energy (worn)
 D - a +0 plate armour (worn)
 L - a scarf of resistance
Magical Staves
 a - the staff of Excruciating Pain (weapon) {rF+ Will- SInv Summ Fire Earth}
   (You found it on level 3 of the Dungeon)

   [staff of fire]

   Base accuracy: +5 Base damage: 5 Base attack delay: 1.2 This weapon's minimum
   attack delay (0.6) is reached at skill level 12.
   rF+:       It protects you from fire.
   Will-:     It decreases your willpower.
   SInv:      It lets you see invisible.
   Summ:      It increases the power of your Summonings spells.
   Fire:      It increases the power of your Fire spells.
   Earth:     It increases the power of your Earth spells.
   It falls into the 'Staves' category.
   It is a weapon for one hand-pair.
Jewellery
 d - a ring of protection from cold (left hand)
 n - an amulet of reflection (around neck)
 s - a ring of magical power
 E - the ring of Leeha Kei (right hand) {rElec rC- rN+++ EV+5 Slay+3}
   (You acquired it on level 7 of the Dungeon)

   [ring of evasion]

   EV+5:      It affects your evasion (+5).
   Slay+3:    It affects your accuracy & damage with ranged weapons and melee
   (+3).
   rC-:       It makes you vulnerable to cold.
   rElec:     It insulates you from electricity.
   rN+++:     It renders you almost immune to negative energy.
 J - a ring of flight
 M - a ring of wizardry
 S - a ring of protection from cold
Wands
 u - a wand of iceblast (21)
 K - a wand of polymorph (7)
 N - a wand of acid (1)
 O - a wand of charming (13)
 U - a wand of flame (13)
Scrolls
 c - 4 scrolls of brand weapon
 e - 8 scrolls of fear
 o - 4 scrolls of vulnerability
 v - 2 scrolls of enchant armour
 y - 3 scrolls of fog
 F - 4 scrolls of revelation
 G - 2 scrolls of enchant weapon
 H - 2 scrolls of immolation
 I - a scroll of amnesia
 P - a scroll of silence {unknown}
Potions
 b - 4 potions of magic
 g - 4 potions of attraction
 h - a potion of berserk rage {unknown}
 i - 9 potions of mutation
 l - 3 potions of cancellation {unknown}
 m - 14 potions of curing
 r - 3 potions of heal wounds
 z - 4 potions of enlightenment {unknown}
 A - 5 potions of might {unknown}
 C - a potion of degeneration {unknown}
 Q - a potion of ambrosia {unknown}
 R - a potion of experience {unknown}


   Skills:
 + Level 11.5 Fighting
 + Level 10.4 Armour
 - Level 1.7 Dodging
 - Level 2.4 Stealth
 - Level 5.0 Shields
 - Level 10.0 Spellcasting
 - Level 5.0 Conjurations
 * Level 9.7 Necromancy
 * Level 16.4 Earth Magic
 - Level 2.0 Alchemy
 * Level 10.7 Invocations


You had 2 spell levels left.
You knew the following spells:

 Your Spells              Type           Power      Damage    Failure   Level
a - Sandblast             Erth           100%       2d20      1%          1
b - Passwall              Alch/Erth      77%        N/A       1%          2
c - Stone Arrow           Conj/Erth      100%       3d13      1%          3
d - Brom's Barrelling Bo  Conj/Erth      100%       2d11      2%          4
e - Lee's Rapid Deconstr  Erth           60%        3d28*     1%          5
f - Bombard               Conj/Erth      50%        9d8       36%         6
g - Petrify               Alch/Erth      93%        N/A       4%          4
h - Borgnjor's Vile Clut  Necr/Erth      54%        N/A       2%          5
s - Sublimation of Blood  Necr           75%        N/A       1%          2

Your spell library contained the following spells:

 Spells                   Type           Power      Damage    Failure   Level
 Magic Dart               Conj           100%       1d8       2%          1
 Sting                    Conj/Alch      100%       1d9       4%          1
 Summon Small Mammal      Summ           100%       N/A       21%         1
 Mercury Vapours          Alch/Air       52%        N/A       21%         2
 Call Imp                 Summ           56%        N/A       30%         2
 Leda's Liquefaction      Alch/Erth      46%        N/A       4%          4
 Hailstorm                Conj/Ice       38%        3d9       22%         3
 Fulminant Prism          Conj/Alch      22%        3d12      43%         4
 Call Canine Familiar     Summ           28%        N/A       52%         3
 Summon Guardian Golem    Hex/Summ       28%        N/A       52%         3
 Tukima's Dance           Hex            19%        N/A       52%         3
 Volatile Blastmotes      Fire/Tloc      56%        2d14      52%         3
 Iskenderun's Mystic Bla  Conj/Tloc      38%        2d9       56%         4
 Olgreb's Toxic Radiance  Alch           34%        N/A       65%         4
 Irradiate                Conj/Alch      22%        3d19      78%         5
 Airstrike                Air            9%         2d(2-18)  89%         4
 Manifold Assault         Tloc           19%        N/A       89%         4
 Passage of Golubria      Tloc           19%        N/A       89%         4
 Summon Ice Beast         Ice/Summ       28%        N/A       89%         4
 Yara's Violent Unravell  Hex/Alch       13%        3d7       98%         5
 Simulacrum               Ice/Necr       27%        N/A       99%         6
 Dispersal                Tloc           9%         N/A       100%        6
 Disjunction              Tloc           9%         N/A       100%        8
 Death's Door             Necr           37%        N/A       100%        9
 Blink                    Tloc           Unusable   N/A       N/A         2

Dungeon Overview and Level Annotations

Branches:
Dungeon (14/15)            Temple (1/1) D:4            Lair (5/5) D:8
  Swamp (0/4) Lair:3       Spider (0/4) Lair:3          Orc (0/2) D:12
  Sewer (visited)         Ossuary (visited)          Bailey (visited)
  Slime: Lair:4-5    Vaults: D:13-14

Altars:
Ashenzari
Cheibriados
Dithmenos
Elyvilon
Fedhas
Gozag
Hepliaklqana
Kikubaaqudgha
Makhleb
Nemelex Xobeh
Okawaru
Qazlal
Ru
Sif Muna
Trog
Uskayaw
Vehumet
Wu Jian
Xom
Yredelemnul
Zin
The Shining One

Shops:
D:1 [   D:5 :   D:12 [=([

Portals:
Trove: D:11 (give 4 scrolls of fog)


Innate Abilities, Weirdness & Mutations

You cannot be hasted, slowed, berserked, paralysed or teleported.
You can dig through walls and to a lower floor.
You have a pair of large antennae on your head. (SInv)
Your four strong arms can wield two-handed weapons with a shield.


Message History

Casting: Sandblast (safe; 1% risk of failure)
Confirm with . or Enter, or press ? or * to list all spells.
Aiming: Borgnjor's Vile Clutch (dangerous; 2% risk of failure)
Press: ? - help, Shift-Dir - straight line, f - skyshark, p - cane toad
Aim: a skyshark (berserk, 100% to hit)
You feel a surge of power!
Zombie hands grab the skyshark.
The zombie hands constrict the skyshark.
The cane toad completely misses you. The skyshark completely misses you.
The skyshark misses you. The skyshark completely misses you.
The cane toad stings you!!
Unknown command.
Casting: Borgnjor's Vile Clutch (dangerous; 2% risk of failure)
Confirm with . or Enter, or press ? or * to list all spells.
Aiming: Stone Arrow (safe; 1% risk of failure)
Press: ? - help, Shift-Dir - straight line, f/p - skyshark
Aim: a skyshark (lightly wounded, berserk, constricted by zombie hands, 100% to hit)
You feel a surge of power!
The stone arrow hits the skyshark!
The skyshark is moderately wounded.
The zombie hands constrict the skyshark!
You block the skyshark's attack.
The skyshark tail-slaps you but does no damage.
You block the skyshark's attack. The cane toad stings you!!
* * * LOW HITPOINT WARNING * * *
You are poisoned.
The cane toad poisons you!
The cane toad stings you but does no damage.
The skyshark misses you.
The skyshark tail-slaps you but does no damage. x2
The cane toad stings you!
* * * LOW HITPOINT WARNING * * *
You are lethally poisoned!
The cane toad poisons you!
You step out of the flow of time.
You return to the normal time flow.
A rime drake comes into view.
* * * LOW HITPOINT WARNING * * *
You feel very sick. The rime drake breathes ice at you.
The icy flash freeze hits you!
You die...

P.....P...#### ######
##.. ..........## ###
.......P...##
#..........P#####
#...............#########
#........................
{
.........................
.........................
................@†.......
.........................
.........................
.....................!...
.............k...........
.....##P#.#...##.........
.....# ###.### ..........
P... ## ....#..#. ##..


You could see a rime drake (catching breath).

Vanquished Creatures
  Josephine (D:11)
  2 hydras
  A rakshasa (D:14)
  5 centaur warriors
  A death knight (D:13)
  3 boulder beetles
  4 two-headed ogres
  A death yak (Lair:4)
  A hell hog (Lair:5)
  Urug (D:11)
  A tengu warrior (D:13)
  Lodul (D:12)
  2 skysharks
  Pikel (D:4)
  7 ugly things
  A deep elf pyromancer (D:8)
  An orc knight (Bailey)
  2 wolf spiders (Lair:3)
  4 cyclopes
  A manticore (Lair:4)
  7 black mambas
  An elephant (Lair:4)
  An unseen horror (D:11)
  10 cane toads
  4 kobold demonologists
  5 komodo dragons
  A rime drake (Lair:1)
  Psyche (D:12)
  An efreet (D:13)
  3 red devils (D:9)
  A meliai (Lair:4)
  10 polar bears
  4 trolls
  A queen bee (Lair:4)
  A hornet (D:8)
  Grinder (D:6)
  8 blink frogs
  2 raiju (Lair:5)
  5 dream sheep (Lair:5)
  10 slime creatures
  A shadow (D:13)
  28 yaks
  10 wraiths
  A vampire (D:14)
  4 basilisks
  A wyvern (Lair:3)
  8 vampire mosquitoes
  4 wargs (Lair:5)
  A steam dragon (D:8)
  An acid dragon (D:10)
  Duvessa (D:4)
  15 water moccasins
  15 hell hounds (Lair:5)
  A swamp drake (Lair:3)
  A hornet zombie (Ossuary)
  2 ice beasts (D:8)
  15 orc warriors
  A sky beast (D:8)
  18 black bears
  10 ogres
  14 wolves
  10 centaurs
  A lemure (D:4)
  2 phantoms
  4 kobold brigands
  4 bullfrogs
  2 gnoll sergeants
  2 scorpions
  A wyvern zombie (Ossuary)
  22 wights
  Dowan (D:4)
  33 killer bees
  3 electric eels (Bailey)
  4 howler monkeys
  A crimson imp (D:5)
  A bullfrog zombie (Ossuary)
  3 centaur zombies (Ossuary)
  A gnoll bouda (D:5)
  13 mummies (Ossuary)
  8 orc priests
  2 iguanas
  2 sleepcaps (D:8)
  Ijyb (D:4)
  8 orc wizards
  11 hell rats
  Natasha (thrice) (D:4)
  A killer bee zombie (Ossuary)
  A boggart simulacrum (D:14)
  3 howler monkey zombies (Ossuary)
  4 adders
  21 gnolls
  3 shadow imps
  2 white imps
  2 bombardier beetles
  2 ufetubi (D:6)
  4 worms
  3 dart slugs
  53 orcs
  4 bats
  5 endoplasms
  4 giant cockroaches
  19 goblins
  13 hobgoblins
  11 jackals
  43 kobolds
  12 quokkas
  7 ball pythons
  3 frilled lizards (D:3)
  11 rats
  2 butterflies (Lair:2)
646 creatures vanquished.

Vanquished Creatures (collateral kills)
  2 boulders
2 creatures vanquished.

Vanquished Creatures (others)
  A boulder (D:11)
1 creature vanquished.

Grand Total: 649 creatures vanquished

Notes
Turn   | Place    | Note
-------+----------+-------------------------------------------
     0 | D:1      | Bnni the Formicid Earth Elementalist began the quest for
                  | the Orb.
     0 | D:1      | Reached XP level 1. HP: 13/13 MP: 3/3
   175 | D:1      | Reached XP level 2. HP: 20/20 MP: 3/5
   393 | D:1      | Reached skill level 4 in Earth Magic
   440 | D:1      | Reached XP level 3. HP: 24/25 MP: 1/6
   443 | D:1      | Learned a level 2 spell: Passwall
   447 | D:1      | Learned a level 3 spell: Stone Arrow
   527 | D:1      | Reached skill level 1 in Fighting
   616 | D:1      | Found Lenkeka's Armour Boutique.
  1443 | D:3      | Reached XP level 4. HP: 32/32 MP: 4/7
  1443 | D:3      | Identified the staff of Excruciating Pain {rF+ Will- SInv
                  | Summ Fire Earth}
  1622 | D:3      | Reached skill level 1 in Conjurations
  1746 | D:3      | Found a faded altar of an unknown god.
  1753 | D:3      | Reached XP level 5. HP: 31/37 MP: 9/9
  2346 | D:4      | Found a glowing golden altar of the Shining One.
  2364 | D:4      | Reached skill level 5 in Earth Magic
  2377 | D:4      | Found an opulent altar of Gozag.
  2378 | D:4      | Found a hide-covered altar of Uskayaw.
  2380 | D:4      | Found a shadowy altar of Dithmenos.
  2381 | D:4      | Found an ornate altar of the Wu Jian Council.
  2450 | D:4      | Noticed Natasha
  2453 | D:4      | Noticed Duvessa
  2453 | D:4      | Noticed Dowan
  2521 | D:4      | Learned a level 4 spell: Brom's Barrelling Boulder
  2574 | D:4      | Reached XP level 6. HP: 44/44 MP: 10/10
  2601 | D:4      | Noticed Ijyb
  2606 | D:4      | Killed Ijyb
  2806 | D:4      | Found a staircase to the Ecumenical Temple.
  2814 | Temple   | Entered the Ecumenical Temple
  2817 | D:4      | Killed Natasha
  2916 | D:4      | Killed Duvessa
  2921 | D:4      | Killed Dowan
  2922 | D:4      | Reached skill level 6 in Earth Magic
  2922 | D:4      | Reached XP level 7. HP: 31/51 MP: 12/12
  3053 | D:4      | Noticed Natasha
  3058 | D:4      | Killed Natasha
  3139 | D:4      | Noticed Pikel
  3149 | D:4      | Killed Pikel
  3150 | D:4      | Reached skill level 7 in Earth Magic
  3150 | D:4      | Reached XP level 8. HP: 18/59 MP: 13/14
  3425 | D:4      | Noticed Natasha
  3429 | D:4      | Killed Natasha
  3476 | D:4      | Learned a level 4 spell: Petrify
  3477 | D:5      | Entered Level 5 of the Dungeon
  3593 | D:5      | Found Jawogg's Book Emporium.
  3638 | D:5      | Found a glowing drain.
  3661 | Sewer    | Entered a sewer
  3872 | Sewer    | Reached skill level 8 in Earth Magic
  4000 | D:5      | Reached skill level 5 in Conjurations
  4031 | D:5      | Reached skill level 1 in Armour
  4031 | D:5      | Reached XP level 9. HP: 64/66 MP: 16/16
  4100 | D:5      | Identified the +1 robe of Dramatic Exits {^Drain rElec
                  | rPois}
  4115 | D:5      | Reached skill level 5 in Spellcasting
  4752 | D:5      | Found a radiant altar of Vehumet.
  4755 | D:5      | Reached skill level 5 in Fighting
  4763 | D:5      | Found a burning altar of Makhleb.
  5358 | D:6      | Reached skill level 1 in Invocations
  5504 | D:6      | Noticed Grinder
  5532 | D:6      | Killed Grinder
  5533 | D:6      | Reached skill level 9 in Earth Magic
  5653 | D:6      | Reached skill level 1 in Necromancy
  6038 | D:7      | Found a sand-covered staircase.
  6043 | Ossuary  | Entered an ossuary
  6071 | Ossuary  | Reached XP level 10. HP: 76/76 MP: 14/17
  6241 | D:7      | Found a flagged portal.
  6255 | Bailey   | Entered a bailey
  6257 | Bailey   | Identified a scroll of acquirement
  6264 | Bailey   | Learned a level 5 spell: Lee's Rapid Deconstruction
  6347 | Bailey   | Reached skill level 10 in Earth Magic
  6668 | Bailey   | Acquired a +1 buckler of positive energy
  6827 | Bailey   | Reached skill level 1 in Shields
  6981 | Bailey   | Noticed an orc knight
  6997 | Bailey   | Killed an orc knight
  6998 | Bailey   | Reached skill level 5 in Armour
  7107 | Bailey   | Noticed a kobold demonologist
  7111 | Bailey   | Noticed a kobold demonologist
  7115 | Bailey   | Noticed a sixfirhy
  7118 | Bailey   | Killed a kobold demonologist
  7118 | Bailey   | Killed a kobold demonologist
  7218 | Bailey   | Found an iron altar of Okawaru.
  7231 | Bailey   | Identified the +1 scale mail of Negation {Dex+5 Stlth+}
  7417 | D:7      | Acquired the ring of Leeha Kei {rElec rC- rN+++ EV+5
                  | Slay+3}
  8226 | D:5      | Bought the Verses on Diablerie and the Nimbus for 420 gold
                  | pieces
  8291 | D:8      | Reached XP level 11. HP: 83/83 MP: 16/20
  8417 | D:8      | Reached skill level 11 in Earth Magic
  8501 | D:8      | Noticed a cyclops
  8501 | D:8      | Noticed a purple ugly thing
  8510 | D:8      | Killed a purple ugly thing
  8511 | D:8      | Reached skill level 5 in Shields
  8513 | D:8      | Killed a cyclops
  8634 | D:8      | Noticed a deep elf pyromancer
  8634 | D:8      | Noticed a white ugly thing
  8638 | D:8      | Noticed a centaur warrior
  8639 | D:8      | Killed a deep elf pyromancer
  8648 | D:8      | Killed a white ugly thing
  8654 | D:8      | Killed a centaur warrior
  8881 | D:8      | Reached skill level 12 in Earth Magic
  8904 | D:8      | Reached skill level 5 in Necromancy
  8905 | D:8      | Noticed a cyclops
  8909 | D:8      | Killed a cyclops
  9089 | D:8      | Found a snail-covered altar of Cheibriados.
  9094 | D:8      | Became a worshipper of Cheibriados the Contemplative
  9483 | D:9      | Learned a level 5 spell: Borgnjor's Vile Clutch
  9522 | D:9      | Reached * piety under Cheibriados
  9757 | D:9      | Reached XP level 12. HP: 67/92 MP: 13/22
 10253 | D:10     | Entered Level 10 of the Dungeon
 10379 | D:10     | Found a blossoming altar of Fedhas.
 10381 | D:10     | Found a shimmering blue altar of Sif Muna.
 10381 | D:10     | Found a broken altar of Ashenzari.
 10381 | D:10     | Found a sparkling altar of Nemelex Xobeh.
 10383 | D:10     | Found a hazy altar of Hepliaklqana.
 10383 | D:10     | Found a white marble altar of Elyvilon.
 10403 | D:10     | Reached ** piety under Cheibriados
 10777 | D:10     | Reached skill level 13 in Earth Magic
 11347 | D:11     | Noticed Josephine
 11355 | D:11     | Killed Josephine
 11507 | D:11     | Found a portal to a secret trove of treasure.
 11559 | D:11     | Reached *** piety under Cheibriados
 11815 | D:11     | Noticed a two-headed ogre
 11822 | D:11     | Killed a two-headed ogre
 11823 | D:11     | Reached skill level 5 in Invocations
 11956 | D:11     | Noticed Urug
 11962 | D:11     | Killed Urug
 12134 | D:12     | Found Juptafu's Jewellery Shop.
 12134 | D:12     | Found Hupp's Weapon Shop.
 12134 | D:12     | Found Xitadafa's Antique Armour Shop.
 12157 | D:12     | Noticed Lodul
 12164 | D:12     | Killed Lodul
 12399 | D:12     | Noticed a two-headed ogre
 12482 | D:12     | Killed a two-headed ogre
 12513 | D:12     | Noticed a two-headed ogre
 12520 | D:12     | Killed a two-headed ogre
 12521 | D:12     | Reached XP level 13. HP: 79/101 MP: 11/25
 12614 | D:12     | Found Roamaopn's Armour Emporium.
 12616 | D:12     | Found a staircase to the Orcish Mines.
 12856 | D:12     | Reached skill level 14 in Earth Magic
 13055 | D:12     | Reached **** piety under Cheibriados
 13092 | D:12     | Noticed Psyche
 13094 | D:12     | Killed Psyche
 13933 | D:13     | Noticed a centaur warrior
 13935 | D:13     | Noticed a centaur warrior
 13936 | D:13     | Killed a centaur warrior
 13941 | D:13     | Killed a centaur warrior
 14265 | D:13     | Reached ***** piety under Cheibriados
 14659 | D:13     | Noticed a centaur warrior
 14662 | D:13     | Killed a centaur warrior
 14722 | D:13     | Reached skill level 15 in Earth Magic
 14789 | D:13     | Reached skill level 10 in Fighting
 14993 | D:13     | Noticed a centaur warrior
 14998 | D:13     | Killed a centaur warrior
 15391 | D:14     | Noticed a rakshasa
 15414 | D:14     | Killed a rakshasa
 15415 | D:14     | Reached XP level 14. HP: 82/110 MP: 6/27
 15725 | D:8      | Found a staircase to the Lair.
 15812 | Lair:1   | Entered Level 1 of the Lair of Beasts
 16241 | Lair:1   | Learned a level 6 spell: Bombard
 18072 | Lair:2   | Reached ****** piety under Cheibriados
 18793 | Lair:3   | Reached skill level 10 in Armour
 18837 | Lair:3   | Learned a level 2 spell: Sublimation of Blood
 18909 | Lair:3   | Found a staircase to the Swamp.
 19087 | Lair:3   | Found a hole to the Spider Nest.
 19865 | Lair:4   | Identified the blade talisman "Regeabagu" {rF+ rN+ Int+2}
 19951 | Lair:4   | You fall into a shaft and drop 1 floor!
 19951 | Lair:5   | Entered Level 5 of the Lair of Beasts
 20387 | Lair:5   | Reached XP level 15. HP: 110/118 MP: 20/28
 20389 | Lair:5   | Reached skill level 10 in Spellcasting
 20554 | Lair:5   | Reached skill level 16 in Earth Magic
 20679 | Lair:5   | Reached skill level 10 in Invocations
 21812 | Lair:5   | Killed from afar by a rime drake

Illustrated notes

Levels and vault maps discovered:
D:1:      dpeg_arrival_rooms_a, layout_rooms, serial_shops, shop
D:2:      layout_rooms, reono_crystal_passage, chequers_mini_garden
D:3:      layout_rooms, shapermc_ecumenical_altar_mp_ritualfount,
          lexackson_kobold_supper
D:4:      layout_gridville, minitemple, minmay_temple_entry_sparse_star,
          uniq_duvessa, uniq_pikel, uniq_natasha, uniq_ijyb
D:5:      corexii_shantytown, layout_layer_cave,
          grunt_temple_overflow_lords_of_destruction, gup_sewer_entry_pipe,
          nicolae_take_the_stairs, nicolae_tricolors
D:6:      layout_loops_ring, uniq_grinder
D:7:      layout_cave_pods, enter_ossuary_5, enter_bailey_4
D:8:      hangedman_cross_veins, layout_rooms, kennysheep_little_box,
          minmay_misc_feat_enclosed
D:9:      layout_roguey, minmay_crystal_room, moated_statue,
          einodemon_armed_red_devil_minivault
D:10:     layout_loops_ring, grunt_temple_overflow_open
D:11:     layout_loops_ring, enter_trove_2, uniq_josephine, uniq_urug
D:12:     layout_basic, orc_david_3, nicolae_shop_distant_corner_stores,
          uniq_psyche, uniq_lodul
D:13:     layout_basic, roderic_roman_lattice, minmay_curled_crystal,
          minmay_fractal_squares_diagonal_5
D:14:     layout_big_octagon, david_vaults_4, serial_column_ruins,
          column_ruins_hut, column_ruins_temple_hall,
          column_ruins_columns_corner, column_ruins_grid_1, column_ruins_grid_1,
          column_ruins_columns_corner, column_ruins_open_medium, serial_shops,
          bzr_entry_dummy, nicolae_shop_clearance
Temple:   nicolae_temple_ecumenical_triangle
Lair:1:   layout_loops_ring, amcnicky_mini_pool_medium, grunt_megastairs_4
Lair:2:   layout_roguey, beast_lair_carwin_1, lemuel_fruit_fields
Lair:3:   layout_gridlike, minmay_swamp_entry_reptiles, spider_nest_entry_rubble
Lair:4:   hangedman_what_comes_after_a, layout_loops_ring, minivault_26
Lair:5:   hangedman_lair_caniforms_friends, layout_regular_city,
          minmay_slime_entry_jelly_boxes, lemuel_fruit_fields

Skill      XL: |  1  2  3  4  5  6  7  8  9 10 11 12 13 14 15 |
---------------+----------------------------------------------+-----
Alchemy        | 2 |  2.0
Earth Magic    | 4 5 6 7 8 9 10 12 13 15 16 | 16.4
Fighting       | 1 2 3 4 5 6 8 9 10 11 | 11.5
Conjurations   | 1 2 3 4 5 |  5.0
Spellcasting   | 3 4 5 6 7 8 9 10 | 10.0
Armour         | 1 4 5 6 8 9 10 | 10.4
Invocations    | 3 5 7 9 10 | 10.7
Necromancy     | 2 4 5 6 7 8 9 |  9.7
Shields        | 3 5 |  5.0
Dodging        | |  1.7
Stealth        | |  2.4

Action                     |  1- 3 |  4- 6 |  7- 9 | 10-12 | 13-15 || total
---------------------------+-------+-------+-------+-------+-------++-------
  Melee: Whip              |     5 |       |       |       |     4 ||     9
         Staff             |       |     3 |     7 |    10 |    63 ||    83
  Throw: Dart              |       |     5 |     6 |     8 |     8 ||    27
         Throwing net      |       |       |       |     4 |     1 ||     5
   Cast: Sandblast         |    44 |    73 |   180 |   348 |   512 ||  1157
         Passwall          |       |     3 |       |       |       ||     3
         Stone Arrow       |       |       |       |    26 |    15 ||    41
         Lee's Rapid Decon |       |       |       |     5 |     3 ||     8
         Borgnjor's Vile C |       |       |       |    12 |    58 ||    70
         Brom's Barrelling |       |       |       |     2 |     1 ||     3
         Petrify           |       |       |       |     1 |       ||     1
         Sublimation of Bl |       |       |       |       |     9 ||     9
 Invoke: Slouch            |       |       |       |       |     7 ||     7
         Step From Time    |       |       |       |       |     1 ||     1
Ability: Dig               |       |       |     2 |     1 |     5 ||     8
         Shaft Self        |       |       |       |       |     1 ||     1
  Evoke: Wand              |       |       |       |     5 |     1 ||     6
    Use: Scroll            |       |       |    12 |     8 |     4 ||    24
         Potion            |       |       |     1 |       |     1 ||     2
   Stab: Sleeping          |       |     1 |       |       |       ||     1
 Armour: Robe              |     5 |       |       |       |       ||     5
         Ring mail         |     8 |    39 |    66 |   200 |   175 ||   488
         Plate armour      |       |       |       |       |   184 ||   184
  Dodge: Dodged            |    13 |    24 |    43 |   149 |   307 ||   536
  Block: Buckler           |       |       |       |   132 |   387 ||   519
         Reflection        |       |       |       |    10 |    18 ||    28

Table legend: (Time is in decaauts)
 A = Elapsed time spent in this place.
 B = Non-inter-level travel time spent in this place.
 C = Inter-level travel time spent in this place.
 D = Time resting spent in this place.
 E = Time spent auto-exploring this place.
 F = Levels seen in this place.
 G = Mean time per level.
                   A        B        C        D        E       F      G
               +--------+--------+--------+--------+--------+-----+--------+
         Total |  26857 |  25636 |   1221 |   3261 |  17226 |  23 | 1167.7 |
       Dungeon |  16518 |  15584 |    934 |   1987 |  10494 |  14 | 1179.9 |
        Temple |      1 |      1 |      0 |      0 |      0 |   1 |    1.0 |
          Lair |   8574 |   8288 |    286 |    656 |   6397 |   5 | 1714.8 |
         Sewer |    360 |    360 |      0 |      0 |    188 |   1 |  360.0 |
       Ossuary |    193 |    193 |      0 |      0 |      0 |   1 |  193.0 |
        Bailey |   1209 |   1209 |      0 |    617 |    145 |   1 | 1209.0 |
               +--------+--------+--------+--------+--------+-----+--------+

Top non-repeatable levels by time:
    D:13: 2861 daAuts
  Lair:5: 2294 daAuts
  Lair:2: 2189 daAuts
  Lair:1: 1886 daAuts
  Lair:3: 1772 daAuts
    D:11: 1627 daAuts
     D:5: 1457 daAuts
     D:8: 1388 daAuts
    D:10: 1359 daAuts
    D:12: 1290 daAuts
  Bailey: 1209 daAuts
     D:4: 1156 daAuts
     D:9: 1139 daAuts
     D:3: 924 daAuts
     D:6: 903 daAuts
